 Dungeon Crawl Stone Soup version 0.27.0-1-g7a089689b8 (webtiles) character file.

Game seed: 9544580225255709208

60 ZombieSheep the Chucker (level 4, -1/48 HPs)
             Began as an Ogre Hunter on Aug 3, 2021.
             Succumbed to an adder's poison
             ... on level 2 of the Dungeon.
             The game lasted 00:05:11 (1597 turns).

ZombieSheep the Chucker (Ogre Hunter)               Turns: 1597, Time: 00:05:12

Health: -1/48      AC:  3    Str: 16    XL:     4   Next: 6%
Magic:  4/4        EV: 10    Int: 12    God:
Gold:   77         SH:  0    Dex: 10    Spells: 3/3 levels left

rFire    . . .     SeeInvis .   a - +0 whip
rCold    . . .     Faith    .   (no shield)
rNeg     . . .     Spirit   .   b - +0 robe
rPois    .         Reflect  .   (helmet restricted)
rElec    .         Harm     .   (no cloak)
rCorr    .         Rampage  .   (gloves unavailable)
Will     .....                  (boots unavailable)
Stlth    +.........             (no amulet)
HPRegen  0.16/turn              (no ring)
MPRegen  0.09/turn              (no ring)

@: lethally poisoned (-1 -> -10), flying
A: large, unfitting armour, tough skin 1
a: no special abilities


You were on level 2 of the Dungeon.
You visited 1 branch of the dungeon, and saw 2 of its levels.

You collected 77 gold pieces.

Inventory:

Hand Weapons
 a - a +0 whip (weapon)
 j - a +0 short sword
Missiles
 i - 21 stones (quivered)
Armour
 b - a +0 robe (worn)
Scrolls
 h - a scroll of teleportation
 k - a scroll of enchant armour {unknown}
Potions
 g - a potion of resistance {unknown}


   Skills:
 * Level 4.2 Fighting
 + Level 0.5 Maces & Flails
 + Level 4.3 Throwing
 + Level 2.3 Dodging
 - Level 0.6 Stealth


You had 3 spell levels left.
You didn't know any spells.
Your spell library was empty.

Dungeon Overview and Level Annotations

Branches:
Dungeon (2/15)

Altars:


Innate Abilities, Weirdness & Mutations

You are too large for most types of armour.
You have tough skin. (AC +1)


Message History

The adder bites you but does no damage.
Throw: throwing net
Press: ? - help, Q - select action, (/) - cycle Shift-Dir - straight line, f/p - adder
Aim: an adder (severely wounded, 42% to hit)
You throw a throwing net. The throwing net misses the adder.
The adder closely misses you.
You hit the adder.
The adder is almost dead.
The adder barely misses you. The adder misses you.
You closely miss the adder.
The adder is almost dead.
The adder barely misses you.
You closely miss the adder.
The adder is almost dead.
The adder bites you.
* * * LOW HITPOINT WARNING * * *
You are poisoned.
The adder poisons you!
You hit the adder.
The adder is almost dead.
You feel sick. The adder bites you.
* * * LOW HITPOINT WARNING * * *
The adder bites you but does no damage.
You barely miss the adder.
The adder is almost dead.
You feel sick. The adder bites you.
* * * LOW HITPOINT WARNING * * *
You are lethally poisoned!
The adder poisons you!
You closely miss the adder.
The adder is almost dead.
* * * LOW HITPOINT WARNING * * *
You feel sick. The adder bites you.
* * * LOW HITPOINT WARNING * * *
You are more poisoned.
The adder poisons you!
It was a potion of flight.
You feel very buoyant.
You fly up into the air.
You die...

#........# #........###
####.###...#
######..####.# ..
............######.... #
#.....>..............
#.............###..
#..........##.#
####..........##@#
..............##S##
..............##J.# #
..............###.#.##...
###...#..##...###....J(..
#...................#...
.....###.######......#
##.#.....#####...#...#
#.###........... .###


You could see an adder and an endoplasm.

Vanquished Creatures
  2 adders (D:2)
  2 dart slugs (D:1)
  3 bats
  4 endoplasms
  4 giant cockroaches (D:1)
  2 goblins
  5 hobgoblins
  A quokka (D:1)
  5 ball pythons
  5 frilled lizards (D:1)
  2 kobolds
  2 rats (D:1)
37 creatures vanquished.

Notes
Turn   | Place    | Note
-------+----------+-------------------------------------------
     0 | D:1      | ZombieSheep the Ogre Hunter began the quest for the Orb.
     0 | D:1      | Reached XP level 1. HP: 22/22 MP: 1/1
   232 | D:1      | Reached XP level 2. HP: 24/31 MP: 2/2
   403 | D:1      | Found a faded altar of an unknown god.
   764 | D:1      | Reached XP level 3. HP: 28/39 MP: 3/3
  1584 | D:2      | Reached XP level 4. HP: 23/48 MP: 4/4
  1596 | D:2      | HP: 1/48 [adder (4)]
  1597 | D:2      | Succumbed to an adder's poison

Illustrated notes

Levels and vault maps discovered:
D:1:      dpeg_arrival_castle, layout_loops_ring,
          chequers_ecumenical_altar_grove
D:2:      layout_rooms, minmay_misc_feat_alley

Skill      XL: |  1  2  3 |
---------------+----------+-----
Fighting       | 3 4 |  4.2
Dodging        | 2 |  2.3
Maces & Flails | |  0.5
Throwing       | |  4.3
Stealth        | |  0.6

Action                   |  1- 3 |  4- 6 || total
-------------------------+-------+-------++-------
Melee: Short sword       |    47 |       ||    47
       Whip              |    48 |     6 ||    54
Throw: Large rock        |    19 |     4 ||    23
       Stone             |    61 |       ||    61
       Throwing net      |       |     2 ||     2
  Use: Scroll            |     1 |       ||     1
       Potion            |       |     2 ||     2
Armor: Robe              |    37 |     4 ||    41
Dodge: Dodged            |    61 |     6 ||    67
